 Dungeon Crawl Stone Soup version 0.24.0-28-g17ded55e90 (webtiles) character file.

Game seed: 18079271687404707054, levelgen mode: deterministic

1649 Delamore the Cleaver (level 9, -4/70 HPs)
             Began as a Hill Orc Fighter on Nov 12, 2019.
             Was a Believer of Okawaru.
             Shot with a sling bullet by Joseph (18 damage)
             ... on level 7 of the Dungeon.
             The game lasted 00:10:18 (6814 turns).

Delamore the Cleaver (Hill Orc Fighter)             Turns: 6814, Time: 00:10:19

Health: -4/70      AC:  6    Str: 22    XL:     9   Next: 0%
Magic:  9/9        EV:  8    Int:  8    God:    Okawaru [**....]
Gold:   229        SH:  9    Dex: 10    Spells: 8/8 levels left

rFire    . . .     SeeInvis .   a - +0 war axe
rCold    . . .     Gourm    .   c - +0 shield
rNeg     . . .     Faith    .   E - +0 ring mail {MR+}
rPois    .         Spirit   .   l - +0 helmet
rElec    .         Reflect  .   (no cloak)
rCorr    .         Harm     .   (no gloves)
MR       +....                  (no boots)
Stlth    ..........             k - amulet of rage
HPRegen  0.21/turn              (no ring)
MPRegen  0.11/turn              (no ring)

@: no status effects
A: no striking features
a: Heroism, Renounce Religion, Evoke Berserk Rage


You were on level 7 of the Dungeon.
You worshipped Okawaru.
Okawaru was pleased with you.
You were not hungry.

You visited 2 branches of the dungeon, and saw 8 of its levels.

You collected 229 gold pieces.

Inventory:

Hand Weapons
 a - a +0 war axe (weapon)
Missiles
 w - 4 boomerangs (quivered)
 x - 4 silver boomerangs
 A - 6 javelins
Armour
 c - a +0 shield (worn)
 l - a +0 helmet (worn)
 v - a +1 robe of cold resistance
 E - a +0 ring mail of magic resistance (worn)
Jewellery
 k - an amulet of rage (around neck)
 F - an uncursed ring of protection from fire {unknown}
Wands
 p - a wand of clouds (5)
 C - a wand of paralysis (8)
Scrolls
 e - 4 scrolls of remove curse {unknown}
 g - a scroll of fear {unknown}
 j - 3 scrolls of fog {unknown}
 m - a scroll of random uselessness {unknown}
 n - a scroll of amnesia {unknown}
 o - 4 scrolls of identify {unknown}
 q - a scroll of enchant weapon {unknown}
 r - 3 scrolls of teleportation {unknown}
 s - 2 scrolls of blinking {unknown}
 u - 2 scrolls of immolation {unknown}
 y - 2 scrolls of enchant armour {unknown}
 B - a scroll of magic mapping {unknown}
 D - 2 scrolls of noise {unknown}
Potions
 d - 4 potions of might
 h - a potion of magic {unknown}
 i - a potion of mutation {unknown}
 t - a potion of agility {unknown}
 z - a potion of berserk rage {unknown}
Comestibles
 b - 2 chunks of flesh
 f - 14 rations


   Skills:
 - Level 3.6 Fighting
 + Level 13.9 Axes
 - Level 3.2 Armour
 - Level 3.2 Shields


You had 8 spell levels left.
You didn't know any spells.
Your spell library contained the following spells:

 Spells                   Type           Power        Failure   Level  Hunger
 Passwall                 Tmut/Erth      #.......     99%         2    ###....
 Poisonous Vapours        Pois/Air       #.....       99%         2    ###....
 Swiftness                Chrm/Air       #.......     99%         2    ###....
 Conjure Flame            Conj/Fire      #.......     100%        3    ####...
 Mephitic Cloud           Conj/Pois/Air  #.......     100%        3    ####...
 Passage of Golubria      Tloc           N/A          100%        4    #####..
 Lee's Rapid Deconstruct  Erth           #.........   100%        5    ######.
 Darkness                 Hex            #.........   100%        6    #######
 Freezing Cloud           Conj/Ice/Air   #.........   100%        6    #######
 Invisibility             Hex            #.......     100%        6    #######
 Ring of Flames           Chrm/Fire      #.........   100%        7    #######


Dungeon Overview and Level Annotations

Branches:
Dungeon (7/15)             Temple (1/1) D:4

Altars:
Ashenzari
Cheibriados
Dithmenos
Elyvilon
Fedhas
Kikubaaqudgha
Nemelex Xobeh
Okawaru
Ru
Sif Muna
Trog
Wu Jian
Xom
Yredelemnul
Zin

Shops:
D:7 !

Annotations:
D:5 2 transporters, TheTruth's ghost, novice HuIE
D:7 Joseph


Message History

You block the ogre's attack.
You slash the ogre!
The ogre is heavily wounded.
Joseph shoots a sling bullet.
The sling bullet hits you.
* * * LOW HITPOINT WARNING * * *
You slice the ogre!!
You kill the ogre!
Okawaru accepts your kill.
You have reached level 9!
Your experience leads to an increase in your attributes!
Increase (S)trength, (I)ntelligence, or (D)exterity?
You feel stronger.
Joseph shoots a sling bullet.
You block the sling bullet.
Joseph shoots a sling bullet.
The sling bullet barely misses you.
Joseph shoots a sling bullet.
The sling bullet hits you.
* * * LOW HITPOINT WARNING * * *
You see here 2 sling bullets.
Joseph shouts, "At last, some action!"
Joseph shoots a sling bullet.
The sling bullet hits you!!
You die...

#...## ##.#..#.(@...
#....# ##.##..()....
#..#####............
###...........####...
#.......@......##....
##..#...##(##...#....
##..#...##.##........
#<......##..#.....###
#...@....#...#..#.# #
#........#..[##.#.###
#...........^##...#..
#....................
###..#...............
####...............
#.......#.........
##.......#......รท..
#..................


You could see Joseph.

Vanquished Creatures
  Grinder (D:4)
  An ice beast (D:5)
  3 ogres
  A centaur (D:6)
  2 bullfrogs
  A scorpion (D:4)
  A howler monkey (D:5)
  A bullfrog zombie (D:6)
  3 crimson imps (D:5)
  A centaur zombie (D:7)
  4 orc priests
  2 jellies
  A centaur skeleton (D:7)
  A bullfrog skeleton (D:5)
  4 orc wizards
  5 worker ants
  A hound skeleton (D:4)
  2 worker ant zombies
  3 gnolls (D:4)
  2 adders
  An ooze (D:3)
  An adder zombie (D:5)
  An adder skeleton (D:5)
  4 worms
  2 dart slugs
  2 leopard geckos
  20 orcs
  A ball python (D:2)
  6 bats
  5 giant cockroaches
  5 goblins
  6 hobgoblins
  3 jackals (D:3)
  4 quokkas
  5 frilled lizards
  A leopard gecko skeleton (D:4)
  8 rats
115 creatures vanquished.

Vanquished Creatures (others)
  A gnoll (D:4)
1 creature vanquished.

Grand Total: 116 creatures vanquished

Notes
Turn   | Place    | Note
-------+----------+-------------------------------------------
     0 | D:1      | Delamore the Hill Orc Fighter began the quest for the Orb.
     0 | D:1      | Reached XP level 1. HP: 19/19 MP: 1/1
   118 | D:1      | Reached skill level 3 in Axes
   384 | D:1      | Reached XP level 2. HP: 26/26 MP: 2/2
   574 | D:1      | Reached skill level 4 in Axes
  1001 | D:2      | Reached XP level 3. HP: 31/31 MP: 3/3
  1181 | D:2      | Reached skill level 5 in Axes
  1182 | D:2      | Found a shimmering altar of Xom.
  1542 | D:2      | Found a shattered altar of Ashenzari.
  1728 | D:3      | Reached XP level 4. HP: 10/39 MP: 4/4
  2227 | D:3      | Reached skill level 6 in Axes
  2255 | D:3      | Found a shimmering blue altar of Sif Muna.
  2296 | D:3      | Reached XP level 5. HP: 33/45 MP: 5/5
  2733 | D:3      | Found a shadowy altar of Dithmenos.
  3023 | D:2      | Reached skill level 7 in Axes
  3485 | D:4      | Found a blossoming altar of Fedhas.
  3499 | D:4      | Found a blossoming altar of Fedhas.
  3653 | D:4      | Reached skill level 8 in Axes
  3653 | D:4      | Reached XP level 6. HP: 51/51 MP: 6/6
  3667 | D:4      | Noticed Grinder
  3670 | D:4      | Paralysed by Grinder for 6 turns
  3684 | D:4      | Killed Grinder
  3684 | D:4      | Reached skill level 9 in Axes
  3723 | D:4      | Reached XP level 7. HP: 10/57 MP: 7/7
  4147 | D:4      | Found a staircase to the Ecumenical Temple.
  4154 | Temple   | Entered the Ecumenical Temple
  4364 | Temple   | Became a worshipper of Warmaster Okawaru
  4501 | D:4      | Found a sparkling altar of Nemelex Xobeh.
  4560 | D:4      | Found a shadowy altar of Dithmenos.
  4632 | D:5      | Entered Level 5 of the Dungeon
  4643 | D:5      | Reached skill level 10 in Axes
  4881 | D:5      | Reached skill level 11 in Axes
  4920 | D:5      | Reached * piety under Okawaru
  5050 | D:5      | Reached XP level 8. HP: 64/64 MP: 8/8
  5058 | D:5      | Found a shadowy altar of Dithmenos.
  5151 | D:5      | Identified the cursed +1 dire flail "Keutit" {crush, Dex+4}
  5151 | D:5      | Noticed TheTruth's ghost (novice HuIE)
  5159 | D:5      | Found a transporter.
  5181 | D:5      | Reached skill level 12 in Axes
  5357 | D:5      | Found a transporter.
  5735 | D:6      | Reached skill level 13 in Axes
  5878 | D:6      | Reached ** piety under Okawaru
  6771 | D:7      | Found Narautay's Distillery.
  6777 | D:7      | Noticed Joseph
  6798 | D:7      | Reached XP level 9. HP: 11/70 MP: 9/9
  6814 | D:7      | Shot with a sling bullet by Joseph

Levels and vault maps discovered:
D:1:      ebering_trefoil_twist, layout_loops_corners
D:2:      layout_loops_ring, lemuel_doored_altar, lemuel_coloured_pillars_altar,
          grunt_ministairs_8
D:3:      layout_basic, old_standard_altar, grunt_dithmenos_smoke
D:4:      layout_basic, marbit_many_paths, nemelex_xobeh_ov_fountains_minmay,
          lemuel_crystal_altar, temple_fountains, first_ration, fedhas_altar_4,
          uniq_grinder
D:5:      layout_cave_pools, gammafunk_ghost_smash, basic_altar
D:6:      layout_loops_corners
D:7:      layout_cave_pools, overflow_temple_1_default, serial_shops, shop,
          uniq_joseph
Temple:   grunt_temple_mini_profane

Skill      XL: |  1  2  3  4  5  6  7  8 |
---------------+-------------------------+-----
Axes           | 3 4 5 6 8 9 11 13 | 13.9
Fighting       | |  3.6
Armour         | |  3.2
Shields        | |  3.2

Action                   |  1- 3 |  4- 6 |  7- 9 || total
-------------------------+-------+-------+-------++-------
Melee: War axe           |    80 |   156 |   172 ||   408
Throw: Boomerang         |       |       |    16 ||    16
 Abil: Evoke Berserk Rag |       |       |     1 ||     1
Evoke: Wand              |       |     1 |       ||     1
  Use: Potion            |       |     1 |       ||     1
  Eat: Chunk             |     2 |     6 |     8 ||    16
       Ration            |       |       |     1 ||     1
Armor: Scale mail        |    20 |    61 |    45 ||   126
       Skin              |       |     3 |       ||     3
       Ring mail         |       |       |     1 ||     1
Dodge: Dodged            |    21 |    38 |    40 ||    99
Block: Shield            |    34 |    76 |    78 ||   188
